 Dungeon Crawl Stone Soup version 0.29.0-4-gdea44cf6ec (webtiles) character file.

Game seed: 7025781395618882983

252 qw the Chopper (level 6, -1/35 HPs)
             Began as a Tengu Warper on Aug 28, 2022.
             Was an Initiate of Okawaru.
             Slain by an ogre
             ... wielding a +0 giant club
              (16 damage)
             ... on level 4 of the Dungeon.
             The game lasted 00:00:21 (3979 turns).

qw the Chopper (Tengu Warper)                       Turns: 3979, Time: 00:00:21

Health: -1/35      AC:  7    Str: 13    XL:     6   Next: 14%
Magic:  10/10      EV:  5    Int: 14    God:    Okawaru [......]
Gold:   177        SH:  0    Dex: 19    Spells: 9/9 levels left

rFire   . . .      SeeInvis .   Y - +0 war axe
rCold   + . .      Faith    .   (no shield)
rNeg    . . .      Spirit   .   p - +0 plate armour
rPois   .          Reflect  .   (helmet restricted)
rElec   .          Harm     .   i - +0 cloak
rCorr   .          Rampage  .   (no gloves)
Will    .....                   (boots unavailable)
Stlth   ..........              (no amulet)
HPRegen 0.11/turn               g - +6 ring of dexterity
MPRegen 0.12/turn               (no ring)

@: flying quickly and evasively, quick
A: beak, talons 3, nimble flight, cold resistance 1, deformed body, subdued
magic 2
a: Renounce Religion


You were on level 4 of the Dungeon.
You worshipped Okawaru.
Okawaru was noncommittal.
You visited 1 branch of the dungeon, and saw 4 of its levels.

You collected 177 gold pieces.


Innate Abilities, Weirdness & Mutations

You have a beak for a mouth.
You have claws for feet.
Your magical nature lets you fly swiftly and evasively.
Your flesh is cold resistant. (rC+)
Armour fits poorly on your strangely shaped body.
Your spells are easier to cast, but less powerful.


   Skills:
 - Level 2.0 Fighting
 - Level 6.3 Axes
 - Level 1.0 Throwing
 + Level 2.6 Armour
 - Level 2.1 Dodging
 - Level 2.0 Spellcasting
 - Level 2.4 Translocations


You had 9 spell levels left.
You didn't know any spells.
Your spell library contained the following spells:

 Spells                   Type           Power      Damage    Failure   Level
 Blink                    Tloc           10%        N/A       100%        2
 Gell's Gravitas          Tloc           5%         N/A       100%        3
 Lesser Beckoning         Tloc           5%         N/A       100%        3
 Teleport Other           Tloc           5%         N/A       100%        3
 Manifold Assault         Tloc           5%         N/A       100%        5

Inventory:

Hand Weapons
 o - a +0 flail
 Y - a +0 war axe (weapon)
Missiles
 n - a boomerang (quivered)
Armour
 i - a +0 cloak (worn)
 p - a +0 plate armour (worn)
Jewellery
 g - a +6 ring of dexterity (left hand)
Scrolls
 j - 2 scrolls of identify
Potions
 e - a potion of might
 h - a potion of curing
 m - a potion of attraction {unknown}

Dungeon Overview and Level Annotations

Branches:
Dungeon (4/15)
 Temple: D:4-7

Altars:
Okawaru
Yredelemnul

Annotations:
D:3 3 runed translucent doors, Crazy Yiuf; qw's ghost, amateur TeWr


Message History

You start resting.
You feel sick. x2
You are no longer poisoned.
HP restored.
a - a potion of mutation
3944 ||| DRINKING potion of mutation.
You feel extremely strange.
Your thinking seems confused.
Your connection to magic feels less subdued.
You feel more energetic.
You feel resistant to cold.
Your connection to magic feels more subdued.
Magic restored.
You see here a +0 hand axe.
There is an iron altar of Okawaru here.
You see here a +0 mace.
You now have 177 gold pieces (gained 4).
Found a club.
An endoplasm comes into view.
Throw: boomerang
Press: ? - help, Q - select action Shift-Dir - straight line, f - endoplasm You throw a boomerang.
The boomerang hits the endoplasm.
The endoplasm is severely wounded.
Throw: boomerang
Press: ? - help, Q - select action Shift-Dir - straight line, f/p - endoplasm You throw a boomerang.
The boomerang hits the endoplasm.
You kill the endoplasm!
Okawaru accepts your kill.
You see here a +0 club.
An ogre comes into view. It is wielding a +0 giant club.
The ogre shouts!
The ogre moves out of view.
Enter note:
Found a green potion.
You hit the ogre. You claw the ogre!
The ogre is heavily wounded.
The ogre hits you with a +0 giant club!!
Ouch! That really hurt!
You hit the ogre. You claw the ogre.
The ogre is severely wounded.
The ogre hits you with a +0 giant club!
You die...

...# ...# ......! ...###
#...... ....... ...+
.##..... ....... ...##
....... ....... ....#
..... .......
....####.... .......
###........# ####O......
# #.....##.# #..@$......
# #.....##.###..........
###.........)...........
..#.....##..##.....#####
........###...........
#....#### ###..........
.....# #..........
).#..# #+####.....
..##.# .....


You could see an ogre.

Vanquished Creatures
  A scorpion (D:4)
  2 hounds (D:4)
  Jessica (D:3)
  An iguana (D:4)
  An adder (D:3)
  A worm (D:3)
  3 dart slugs
  6 bats
  6 endoplasms
  3 giant cockroaches
  3 goblins
  11 hobgoblins
  13 kobolds
  3 quokkas
  6 ball pythons
  4 frilled lizards
  5 rats
70 creatures vanquished.

Notes
Turn   | Place    | Note
-------+----------+-------------------------------------------
     0 | D:1      | qw the Tengu Warper began the quest for the Orb.
     0 | D:1      | Reached XP level 1. HP: 12/12 MP: 4/4
     0 | D:1      | 0 ||| qw: Version: 0.1-a-89-g26bdef1
     0 | D:1      | 0 ||| qw: Game counter: 1005
     0 | D:1      | 0 ||| qw: Always use a shield: true
     0 | D:1      | 0 ||| qw: God list: Okawaru
     0 | D:1      | 0 ||| qw: Allow faded altars: false
     0 | D:1      | 0 ||| qw: Do Orc after D:15 true
     0 | D:1      | 0 ||| qw: Do second Lair branch before Depths: true
     0 | D:1      | 0 ||| qw: Lair rune preference: random
     0 | D:1      | 0 ||| qw: Plans: Normal
     0 | D:1      | 0 ||| PLANNING D:1-11
   257 | D:1      | Reached XP level 2. HP: 17/17 MP: 6/6
   275 | D:1      | Reached skill level 3 in Axes
   792 | D:1      | 792 ||| Stepping ~*~*~tactically~*~*~ (stealth).
   968 | D:1      | 968 ||| SWAPPING to +2 hand axe of freezing.
   969 | D:1      | 969 ||| DROPPING +0 hand axe.
  1215 | D:1      | 1215 ||| UPGRADING to +0 ring mail.
  1225 | D:1      | 1225 ||| DROPPING +0 leather armour.
  1226 | D:1      | 1226 ||| UPGRADING to +0 cloak.
  1231 | D:1      | 1231 ||| DRINKING 3 purple potions.
  1232 | D:1      | 1232 ||| DROPPING scroll of blinking.
  1257 | D:2      | 1257 ||| Stepping ~*~*~tactically~*~*~ (stealth).
  1397 | D:2      | Found a faded altar of an unknown god.
  1411 | D:2      | Reached XP level 3. HP: 21/21 MP: 7/7
  1427 | D:2      | 1427 ||| Stepping ~*~*~tactically~*~*~ (stealth).
  1501 | D:2      | Reached skill level 4 in Axes
  1599 | D:2      | Identified the +5 dagger of a volcano {venom, rPois rF+}
  1856 | D:2      | 1856 ||| DROPPING scarf of harm.
  1857 | D:2      | 1857 ||| UPGRADING to +0 scale mail.
  1867 | D:2      | 1867 ||| DROPPING +0 ring mail.
  1868 | D:2      | 1868 ||| UPGRADING to +0 plate armour.
  1878 | D:2      | 1878 ||| DROPPING +0 scale mail.
  1879 | D:2      | 1879 ||| READING 4 scrolls labelled ZUELEGROVAFE.
  1880 | D:2      | 1880 ||| READING scroll labelled BOFECL TUUBE.
  1884 | D:2      | 1884 ||| DRINKING 2 viscous red potions.
  1884 | D:2      | Gained mutation: Armour fits poorly on your strangely
                  | shaped body. [potion of mutation]
  1884 | D:2      | Gained mutation: You have a pair of small horns on your
                  | head. [potion of mutation]
  1884 | D:2      | Gained mutation: Your movements are slightly less
                  | encumbered by armour. (ER -2) [potion of mutation]
  1885 | D:2      | 1885 ||| DRINKING potion of mutation.
  1885 | D:2      | Lost mutation: Your movements are slightly less encumbered
                  | by armour. (ER -2) [potion of mutation]
  1885 | D:2      | Lost mutation: You have a pair of small horns on your head.
                  | [potion of mutation]
  1885 | D:2      | Gained mutation: Your magical capacity is low. (-10% MP)
                  | [potion of mutation]
  1885 | D:2      | Gained mutation: Your spells are a little easier to cast,
                  | but a little less powerful. [potion of mutation]
  1885 | D:2      | Gained mutation: Your spells are easier to cast, but less
                  | powerful. [potion of mutation]
  1885 | D:2      | Gained mutation: You possess an exceptional clarity of
                  | mind. [potion of mutation]
  1886 | D:2      | 1886 ||| READING 3 scrolls of identify.
  1886 | D:2      | 1886 ||| IDENTIFYING glowing puce potion
  1887 | D:2      | 1887 ||| READING 2 scrolls of identify.
  1887 | D:2      | 1887 ||| IDENTIFYING amethyst potion
  1888 | D:2      | 1888 ||| DROPPING potion of berserk rage.
  1979 | D:3      | 1979 ||| SWAPPING to +0 war axe.
  1980 | D:3      | 1980 ||| DROPPING +2 hand axe of freezing.
  2015 | D:3      | Found a basalt altar of Yredelemnul.
  2016 | D:3      | 2016 ||| Stepping ~*~*~tactically~*~*~ (stealth).
  2155 | D:3      | Found a large runed translucent door.
  2155 | D:3      | Found a large runed translucent door.
  2160 | D:3      | 2160 ||| Stepping ~*~*~tactically~*~*~ (stealth).
  2171 | D:3      | 2171 ||| Stepping ~*~*~tactically~*~*~ (stealth).
  2268 | D:3      | Noticed Jessica
  2275 | D:3      | Killed Jessica
  2276 | D:3      | Reached XP level 4. HP: 14/26 MP: 7/7
  2425 | D:3      | Found a runed translucent door.
  2426 | D:3      | Noticed Crazy Yiuf
  2737 | D:3      | 2737 ||| Stepping ~*~*~tactically~*~*~ (stealth).
  2879 | D:3      | 2879 ||| DROPPING +0 club.
  3001 | D:3      | Noticed qw's ghost (amateur TeWr)
  3007 | D:3      | 3007 ||| DROPPING ring of wizardry.
  3008 | D:3      | 3008 ||| UPGRADING to +6 ring of dexterity.
  3009 | D:3      | 3009 ||| READING scroll labelled SOEWABBAIPO.
  3010 | D:3      | 3010 ||| DRINKING 2 inky potions.
  3011 | D:3      | 3011 ||| DRINKING 2 smoky red potions.
  3012 | D:3      | 3012 ||| READING 2 scrolls of identify.
  3012 | D:3      | 3012 ||| IDENTIFYING white potion
  3013 | D:3      | 3013 ||| DROPPING potion of brilliance.
  3014 | D:3      | 3014 ||| DROPPING potion of degeneration.
  3055 | D:4      | 3055 ||| STAIRDANCE
  3058 | D:4      | 3058 ||| STAIRDANCE
  3186 | D:4      | 3186 ||| Stepping ~*~*~tactically~*~*~ (stealth).
  3191 | D:4      | 3191 ||| Stepping ~*~*~tactically~*~*~ (stealth).
  3192 | D:4      | 3192 ||| Stepping ~*~*~tactically~*~*~ (stealth).
  3205 | D:4      | 3205 ||| FLEEEEING.
  3231 | D:4      | 3231 ||| Stepping ~*~*~tactically~*~*~ (stealth).
  3260 | D:4      | 3260 ||| FLEEEEING.
  3261 | D:4      | 3261 ||| FLEEEEING.
  3262 | D:4      | 3262 ||| FLEEEEING.
  3263 | D:4      | 3263 ||| STAIRDANCE
  3352 | D:4      | Reached skill level 5 in Axes
  3352 | D:4      | Gained mutation: Your magical nature lets you fly swiftly
                  | and evasively. [Tengu growth]
  3352 | D:4      | Reached XP level 5. HP: 18/30 MP: 8/8
  3506 | D:4      | Noticed a kobold brigand
  3507 | D:4      | 3507 ||| Stepping ~*~*~tactically~*~*~ (stealth).
  3510 | D:4      | Noticed a kobold brigand
  3520 | D:4      | HP: 7/30 [kobold brigand/+0 club (1)]
  3521 | D:4      | 3521 ||| READING scroll of teleportation.
  3522 | D:4      | 3522 ||| DRINKING 2 potions of heal wounds.
  3528 | D:4      | HP: 3/30 [iguana (8)]
  3529 | D:4      | 3529 ||| DRINKING potion of heal wounds.
  3742 | D:4      | Found an iron altar of Okawaru.
  3747 | D:4      | Became a worshipper of Warmaster Okawaru
  3761 | D:4      | Reached skill level 6 in Axes
  3761 | D:4      | Reached XP level 6. HP: 17/35 MP: 9/9
  3944 | D:4      | 3944 ||| DRINKING potion of mutation.
  3944 | D:4      | Lost mutation: You possess an exceptional clarity of mind.
                  | [potion of mutation]
  3944 | D:4      | Lost mutation: Your spells are easier to cast, but less
                  | powerful. [potion of mutation]
  3944 | D:4      | Lost mutation: Your magical capacity is low. (-10% MP)
                  | [potion of mutation]
  3944 | D:4      | Gained mutation: Your flesh is cold resistant. (rC+)
                  | [potion of mutation]
  3944 | D:4      | Gained mutation: Your spells are easier to cast, but less
                  | powerful. [potion of mutation]
  3979 | D:4      | Slain by an ogre

Levels and vault maps discovered:
D:1:      reono_arrival_forest_river, layout_basic, minivault_25,
          minmay_box_of_dots
D:2:      layout_loops_ring, basic_ecumenical_altar, chequers_jeans,
          minmay_pentomino_u2
D:3:      minmay_inner_zag, layout_basic, lemuel_tele_altar,
          ebering_ghost_disaster_area, st_stairs_1, uniq_crazy_yiuf_cottage,
          uniq_jessica
D:4:      cheibrodos_thug_alley, layout_basic, nicolae_qazlal_style_of_elements,
          okawaru_ov_weapons_minmay, nicolae_elevator_lobby_asterisk

Skill      XL: |  1  2  3  4  5 |
---------------+----------------+-----
Axes           | 3 4 5 6 |  6.3
Armour         | 2 |  2.6
Fighting       | |  2.0
Throwing       | |  1.0
Dodging        | |  2.1
Spellcasting   | |  2.0
Translocations | |  2.4

Action                   |  1- 3 |  4- 6 || total
-------------------------+-------+-------++-------
Melee: Hand axe          |    64 |       ||    64
       Kick              |    15 |    16 ||    31
       Peck              |     5 |    12 ||    17
       Punch             |     2 |       ||     2
       War axe           |    14 |    76 ||    90
Throw: Boomerang         |     7 |    22 ||    29
  Use: Potion            |     3 |     5 ||     8
       Scroll            |     4 |     3 ||     7
Armor: Leather armour    |     3 |       ||     3
       Plate armour      |    11 |    34 ||    45
       Ring mail         |     3 |       ||     3
Dodge: Dodged            |    35 |    15 ||    50

Table legend:
 A = Non-vault XP
 B = Vault XP
 C = Vault XP percentage of total XP
 D = Non-vault monster count
 E = Vault monster count
 F = Vault count percentage of total count
                 A         B        C        D         E       F
            +---------+---------+-------+---------+---------+-------
      Total |     271 |      90 |  24.9 |      46 |      24 |  34.3
            +---------+---------+-------+---------+---------+-------
        D:1 |      29 |       1 |   3.3 |      17 |       1 |   5.6
        D:2 |      16 |       4 |  20.0 |       9 |       2 |  18.2
        D:3 |      20 |      70 |  77.8 |      11 |      11 |  50.0
        D:4 |     206 |      15 |   6.8 |       9 |      10 |  52.6
            +---------+---------+-------+---------+---------+-------
